 Dungeon Crawl Stone Soup version 0.23.2-11-gf996548c65 (webtiles) character file.

Game seed: 1525766116785917418

220 dozy the Insei (level 5, -6/33 HPs)
             Began as an Octopode Transmuter on June 4, 2019.
             Mangled by a scorpion (9 damage)
             ... on level 4 of the Dungeon.
             The game lasted 00:05:21 (3373 turns).

dozy the Insei (Octopode Transmuter)                Turns: 3373, Time: 00:05:22

Health: -6/33      AC:  1    Str: 12 (14) XL:     5   Next: 97%
Magic:  8/8        EV: 14    Int: 13 (15) God:
Gold:   198        SH:  0    Dex: 13 (14) Spells: 3/9 levels left

rFire    . . .     SeeInvis .     - Unarmed
rCold    . . .     Gourm    .   (no shield)
rNeg     . . .     Faith    .   (helmet restricted)
rPois    .         Spirit   .   (no amulet)
rElec    .         Reflect  .   (no ring)
rCorr    .         Harm     .   (no ring)
MR       .....                  (no ring)
Stlth    +++.......             (no ring)
HPRegen  0.11/turn              (no ring)
MPRegen  0.11/turn              (no ring)
                                (no ring)
                                (no ring)

@: mighty, lethally poisoned (-6 -> -30), appendage (expiring)
A: almost no armour, stealthy swim, amphibious, 8 rings, constrict 8, tentacle
spike 3, camouflage 1, gelatinous body 1
a: End Transformation


You were on level 4 of the Dungeon.
You were not hungry.
One of your tentacles had a temporary spike.
You visited 1 branch of the dungeon, and saw 4 of its levels.

You collected 198 gold pieces.

Inventory:

Missiles
 a - 59 arrows
 o - 5 tomahawks (quivered)
Scrolls
 e - 2 scrolls of teleportation {unknown}
 f - 7 scrolls of identify {unknown}
 h - a scroll of fear {unknown}
 i - a scroll of blinking {unknown}
 j - a scroll of magic mapping {unknown}
 k - a scroll of enchant weapon {unknown}
 m - a scroll of remove curse {unknown}
Potions
 b - 3 potions of degeneration
 d - a potion of might
 g - 2 potions of curing {unknown}
 l - a potion of haste {unknown}
 p - a potion of cancellation {unknown}
 q - a potion of agility {unknown}
 r - a potion of heal wounds {unknown}
Comestibles
 c - 6 rations


   Skills:
 + Level 1.1 Fighting
 + Level 2.6 Dodging
 - Level 1.2 Stealth
 + Level 4.7 Unarmed Combat
 + Level 2.5 Spellcasting
 + Level 2.6 Transmutations
 * Level 2.7 Poison Magic


You had 3 spell levels left.
You knew the following spells:

 Your Spells              Type           Power        Failure   Level  Hunger
a - Beastly Appendage     Tmut           #.....       9%          1    #......
b - Sticks to Snakes      Tmut           #.......     12%         2    ###....
c - Spider Form           Tmut/Pois      #.........   24%         3    ###....

Your spell library contained the following spells:

 Spells                   Type           Power        Failure   Level  Hunger
 Ice Form                 Ice/Tmut       #.......     80%         4    #####..
 Blade Hands              Tmut           #.........   92%         5    ######.


Dungeon Overview and Level Annotations

Branches:
Dungeon (4/15)
 Temple: D:4-7

Altars:
Dithmenos
Kikubaaqudgha


Innate Abilities, Weirdness & Mutations

You cannot wear most types of armour.
You are very stealthy in the water. (Stealth+)
You are amphibious.
You can wear up to eight rings at the same time.
You can use your tentacles to constrict eight enemies at once.
Your skin changes colour to match your surroundings (Stealth+).
Your rubbery body absorbs attacks. (AC +1, EV +1)
One of your tentacles bears a large vicious spike.


Message History

You feel sick. The scorpion stings you!
* * * LOW HITPOINT WARNING * * *
You are more poisoned.
The scorpion poisons you!
You barely miss the scorpion. Your grab misses the scorpion.
You squeeze the scorpion, but do no damage.
The scorpion is heavily wounded.
Your transformation is almost over.
* * * LOW HITPOINT WARNING * * *
You feel sick. The scorpion closely misses you.
It was a potion of degeneration.
There was something very wrong with that liquid.
You feel weakened.
You feel dopey.
You feel clumsy.
* * * LOW HITPOINT WARNING * * *
You feel sick. The scorpion closely misses you.
It was a potion of might.
You feel very mighty all of a sudden.
* * * LOW HITPOINT WARNING * * *
You feel sick. The scorpion stings you!
You die...

...# ...# .. ##.# ####
.# #.# ####... .####
#.##### #....####....
#.....# #....##..%.# ##
#####.###....##....#...
#...'....##......#
#####...###@.....#
########......s.....#
#............##...#.#
###............# ...#
.##............# ..<#
.##............# #..#
.##............# ..#
.##............+ ...
.##............#


You could see a scorpion.

Vanquished Creatures
  A hound (D:4)
  A bullfrog skeleton (D:4)
  A worker ant (D:4)
  5 adders (D:2)
  5 dart slugs
  A leopard gecko (D:3)
  3 orcs
  4 ball pythons
  2 giant cockroaches
  8 goblins
  6 hobgoblins
  7 jackals
  9 kobolds
  5 quokkas
  6 bats
  5 frilled lizards
  13 rats (D:1)
82 creatures vanquished.

Notes
Turn   | Place    | Note
-------+----------+-------------------------------------------
     0 | D:1      | dozy the Octopode Transmuter began the quest for the Orb.
     0 | D:1      | Reached XP level 1. HP: 13/13 MP: 3/3
    86 | D:1      | Reached XP level 2. HP: 18/18 MP: 5/5
   106 | D:1      | Learned a level 2 spell: Sticks to Snakes
   151 | D:1      | Reached skill level 1 in Stealth
   452 | D:1      | Reached XP level 3. HP: 19/23 MP: 4/6
   479 | D:1      | Learned a level 3 spell: Spider Form
  1164 | D:2      | Reached skill level 1 in Poison Magic
  1167 | D:2      | Reached XP level 4. HP: 23/28 MP: 7/7
  1250 | D:2      | Reached skill level 4 in Unarmed Combat
  1997 | D:2      | Reached XP level 5. HP: 33/33 MP: 6/8
  2336 | D:3      | Found an ancient bone altar of Kikubaaqudgha.
  2672 | D:4      | Noticed a phantom
  3082 | D:4      | Found a shadowy altar of Dithmenos.
  3373 | D:4      | Mangled by a scorpion

Skill      XL: |  1  2  3  4 |
---------------+-------------+-----
Stealth        | 1 |  1.2
Poison Magic   | 1 2 |  2.7
Unarmed Combat | 4 |  4.7
Fighting       | |  1.1
Dodging        | |  2.6
Spellcasting   | |  2.5
Transmutations | |  2.6

Action                   |  1- 3 |  4- 6 || total
-------------------------+-------+-------++-------
Melee: Unarmed           |    81 |    83 ||   164
       Constrict         |    24 |    19 ||    43
       Tentacles         |    13 |    13 ||    26
       Kick              |     8 |    11 ||    19
       Punch             |     2 |     3 ||     5
Throw: Tomahawk          |       |     1 ||     1
 Cast: Beastly Appendage |     9 |    13 ||    22
       Spider Form       |       |     1 ||     1
  Use: Potion            |       |     2 ||     2
 Stab: Sleeping          |     9 |     8 ||    17
       Distracted        |     1 |       ||     1
  Eat: Chunk             |     1 |     7 ||     8
Armor: Skin              |     6 |     4 ||    10
Dodge: Dodged            |    46 |    51 ||    97
